AoeStats
← Mhafiki

MegaRandom

508365093Analyzed
3v3 RM · 9d ago on Sep 22, 2026· 47m 15s· 6 players
Game mode
Random Map
Map size
Normal (6 player)
Population
200
Speed
Normal
Resources
Standard
Victory
Conquest
Starting age
Dark Age
Ending age
Imperial Age
RankedLock teamsTeams togetherTeam positionsShared explorationLock speedFull tech treeHidden civsTurbo modeCheats
Victory
Defeat
🇺🇸 Bohemians · United States
1248
+13
🇨🇳 Saracens · China
1208
+15
🇨🇳 Spanish · China
1119
+18
🇺🇸 Celts · United States
1217
-17
🇺🇸 Georgians · United States
1157
-15
🇺🇸 Khmer · United States
1149
-14
wuyu
0:49 Loom
13:04 Feudal Age
17:18 Castle Age
15:28 Double-Bit Axe
15:26 Horse Collar
15:51 Gold Mining
19:49 Stone Mining
26:10 Wheelbarrow
28:39 Gold Shaft Mining
32:15 Imperial Age
30:27 Scale Barding Armor
30:39 Town Watch
32:00 Bloodlines
31:51 Husbandry
33:01 Chain Barding Armor
32:52 Forging
33:14 Hand Cart
33:22 Conscription
33:32 Bow Saw
33:48 Caravan
33:48 Elite Mameluke
35:05 Plate Barding Armor
35:17 Bimaristan
36:22 Two-Man Saw
35:38 Heavy Plow
36:28 Iron Casting
35:50 Onager
37:08 Fletching
38:19 Blast Furnace
37:45 Treadmill Crane
40:26 Chemistry
39:47 Ballistics
43:17 Counterweights
42:34 Siege Onager
46:22 Light Cavalry
维什素A
4:17 Loom
11:15 Feudal Age
17:24 Castle Age
16:21 Double-Bit Axe
16:34 Horse Collar
17:37 Gold Mining
19:02 Wheelbarrow
19:41 Bloodlines
20:39 Fletching
21:51 Husbandry
23:00 Ballistics
23:40 Bodkin Arrow
24:47 Heavy Plow
27:52 Hand Cart
27:23 Town Watch
29:33 Bow Saw
32:41 Padded Archer Armor
37:05 Imperial Age
36:24 Scale Barding Armor
36:29 Forging
37:47 Chain Barding Armor
37:10 Cavalier
38:54 Iron Casting
39:03 Conscription
39:45 Plate Barding Armor
39:04 Paladin
39:51 Light Cavalry
42:31 Blast Furnace
41:34 Bracer
41:40 Hussar
44:55 Two-Man Saw
45:09 Chemistry
peterzjx
0:33 Loom
11:54 Feudal Age
19:44 Castle Age
18:54 Double-Bit Axe
20:51 Bow Saw
22:16 Fletching
24:48 Forging
25:25 Town Watch
28:04 Redemption
32:54 Imperial Age
33:22 Chemistry
32:24 Pikeman
33:04 Squires
33:05 Scale Mail Armor
33:41 Iron Casting
34:09 Halberdier
35:06 Chain Mail Armor
36:33 Blast Furnace
37:33 Block Printing
39:28 Plate Mail Armor
39:04 Houfnice
40:40 Siege Engineers
42:19 Conscription
42:05 Wagenburg Tactics
46:19 Theocracy
46:13 Sanctity
46:04 Fervor
46:21 Horse Collar
47:52 Heavy Plow
Triqem
0:45 Loom
11:35 Feudal Age
17:41 Castle Age
17:03 Horse Collar
17:11 Double-Bit Axe
18:50 Bloodlines
18:58 Scale Barding Armor
20:34 Bow Saw
22:25 Wheelbarrow
25:36 Fletching
26:01 Husbandry
27:53 Stone Mining
28:27 Heavy Plow
30:00 Light Cavalry
32:28 Forging
34:43 Chain Barding Armor
40:51 Imperial Age
39:32 Iron Casting
41:49 Double Crossbow
43:20 Plate Barding Armor
43:52 Chemistry
45:45 Heavy Scorpion
Mhafiki
0:38 Loom
14:15 Feudal Age
14:44 Double-Bit Axe
14:41 Horse Collar
14:53 Gold Mining
18:49 Castle Age
19:57 Bow Saw
20:11 Stone Mining
21:30 Gold Shaft Mining
21:09 Heavy Plow
23:31 Stone Shaft Mining
26:20 Wheelbarrow
25:30 Town Watch
27:18 Hand Cart
31:04 Imperial Age
29:55 Town Patrol
32:57 Fletching
33:40 Bodkin Arrow
33:39 Heavy Scorpion
34:30 Furor Celtica
34:40 Conscription
35:56 Chemistry
37:19 Ballistics
37:06 Elite Woad Raider
38:40 Siege Engineers
38:18 Onager
41:01 Siege Onager
43:06 Masonry
DVaso
14:51 Feudal Age
18:22 Castle Age
18:05 Double-Bit Axe
18:01 Horse Collar
18:08 Loom
26:12 Imperial Age
23:50 Fishing Lines
25:38 Bloodlines
28:19 Fletching
29:38 Svan Towers
29:44 Guard Tower
31:25 Devotion
32:08 Cavalier
34:51 Conscription
34:48 Scale Barding Armor
35:30 Ballistics
38:34 Chemistry
38:10 Keep
38:14 Husbandry
38:57 Padded Archer Armor
41:10 Light Cavalry
42:08 Leather Archer Armor
42:33 Bodkin Arrow
43:30 Bracer
43:40 Hussar
45:13 Arrowslits
46:13 Chain Barding Armor
46:36 Pikeman
47:49 Scale Mail Armor
Connection lost

Rejoining the realm…

Still unreachable

The connection could not be restored.

Session expired

The server has moved on; the page needs a fresh start.